 Dungeon Crawl Stone Soup version 0.22.0 (webtiles) character file.

316 Morrissey the Chopper (level 6, -2/57 HPs)
             Began as a Minotaur Berserker on Aug 12, 2018.
             Was a Believer of Trog.
             Slain by Natasha (10 damage)
             ... on level 4 of the Dungeon.
             The game lasted 00:03:27 (2118 turns).

Morrissey the Chopper (Minotaur Berserker)          Turns: 2118, Time: 00:03:28

Health: -2/57      AC:  3    Str: 21    XL:     6   Next: 20%
Magic:  5/5        EV: 12    Int:  4    God:    Trog [**....]
Gold:   185        SH:  0    Dex: 12    Spells: 5/5 levels left

rFire    . . .     SeeInvis .   a - +0 hand axe
rCold    . . .     Gourm    .   (no shield)
rNeg     . . .     Faith    .   l - +0 animal skin
rPois    .         Spirit   .   (helmet restricted)
rElec    .         Reflect  .   (no cloak)
rCorr    .         Harm     .   k - +0 pair of gloves
MR       .....                  (no boots)
Stlth    +.........             (no amulet)
HPRegen  0.19/turn              (no ring)
MPRegen  0.09/turn              (no ring)

@: lethally poisoned (-2 -> -3), berserk cooldown, slowed, very slow
A: retaliatory headbutt, horns 2
a: Berserk, Trog's Hand, Renounce Religion


You were on level 4 of the Dungeon.
You worshipped Trog.
Trog was pleased with you.
You were hungry.

You visited 1 branch of the dungeon, and saw 4 of its levels.

You collected 185 gold pieces.

Inventory:

Hand Weapons
 a - a +0 hand axe (weapon)
 b - a +2 hunting sling of flaming
Missiles
 m - 29 stones (quivered)
Armour
 k - a +0 pair of gloves (worn)
 l - a +0 animal skin (worn)
Wands
 o - a wand of enslavement (4)
Scrolls
 d - 4 scrolls of remove curse {unknown}
 e - 2 scrolls of teleportation {unknown}
 g - a scroll of identify {unknown}
 h - a scroll of magic mapping {unknown}
 i - 3 scrolls of amnesia {unknown}
 q - a scroll of enchant armour {unknown}
Potions
 n - a potion of degeneration {unknown}
 p - a potion of mutation {unknown}
Comestibles
 c - 5 rations
 f - 3 chunks of flesh


   Skills:
 + Level 5.6 Fighting
 * Level 7.2 Axes
 - Level 2.4 Armour
 - Level 2.1 Dodging


You had 5 spell levels left.
You didn't know any spells.
Your spell library was empty.

Dungeon Overview and Level Annotations

Branches:
Dungeon (4/15)
 Temple: D:4-7

Altars:
Gozag

Annotations:
D:4 Natasha


Innate Abilities, Weirdness & Mutations

You reflexively headbutt those who attack you in melee.
You have a pair of horns on your head.


Message History

You slash Natasha! You headbutt Natasha, but do no damage.
Natasha is almost dead.
Natasha zaps a wand.
The puff of flame hits you!
* * * LOW HITPOINT WARNING * * *
Natasha claws you!
* * * LOW HITPOINT WARNING * * *
You hit Natasha.
Natasha is almost dead.
Natasha zaps a wand.
The puff of flame hits you!
* * * LOW HITPOINT WARNING * * *
You miss Natasha. You headbutt Natasha.
Natasha is almost dead.
You feel sick.
Natasha zaps a wand.
The puff of flame hits you!
* * * LOW HITPOINT WARNING * * *
You bump into the rock wall.
You feel less invigorated.
You feel less confused.
Natasha zaps a wand.
The puff of flame hits you!
* * * LOW HITPOINT WARNING * * *
Natasha claws you!
You die...

#......# ...#
######.# ...# #.#
...# #.# ...# #.#
...# #.# ...#
#.########...#...
#.#....†h........
#@#.######...####
#h#.#....###$.$..
#......# .)..
###.####.# ...
#........# .(
#.#.###### .
#.#.# #.#.# #.#.#


You could see Natasha.

Vanquished Creatures
  A water moccasin (D:4)
  A howler monkey (D:4)
  A hound (D:4)
  A centaur skeleton (D:4)
  A howler monkey skeleton (D:4)
  2 adders
  2 worms
  A dart slug (D:1)
  2 leopard geckos (D:2)
  7 orcs (D:3)
  3 ball pythons (D:3)
  2 giant cockroaches
  8 goblins
  8 hobgoblins
  2 quokkas (D:3)
  7 bats
  6 frilled lizards
  9 kobolds
  6 rats
70 creatures vanquished.

Notes
Turn   | Place    | Note
-------+----------+-------------------------------------------
     0 | D:1      | Morrissey the Minotaur Berserker began the quest for the Orb.
     0 | D:1      | Reached XP level 1. HP: 19/19 MP: 0/0
   171 | D:1      | Reached skill level 4 in Axes
   195 | D:1      | Reached XP level 2. HP: 25/27 MP: 1/1
   741 | D:2      | Found a faded altar of an unknown god.
   746 | D:2      | Reached XP level 3. HP: 33/33 MP: 2/2
   793 | D:2      | Reached ** piety under Trog
   886 | D:2      | Reached skill level 5 in Axes
  1369 | D:3      | Reached XP level 4. HP: 34/41 MP: 3/3
  1480 | D:3      | Found an opulent altar of Gozag.
  2005 | D:4      | Reached skill level 6 in Axes
  2075 | D:4      | Noticed a water moccasin
  2079 | D:4      | Reached skill level 5 in Fighting
  2079 | D:4      | Reached XP level 5. HP: 48/48 MP: 4/4
  2092 | D:4      | Killed a water moccasin
  2092 | D:4      | Reached skill level 7 in Axes
  2092 | D:4      | Reached XP level 6. HP: 42/56 MP: 5/5
  2101 | D:4      | Noticed Natasha
  2118 | D:4      | Slain by Natasha

Skill      XL: |  1  2  3  4  5 |
---------------+----------------+-----
Axes           | 4 5 6 7 |  7.2
Fighting       | 4 5 |  5.6
Armour         | |  2.4
Dodging        | |  2.1

Action                   |  1- 3 |  4- 6 || total
-------------------------+-------+-------++-------
Melee: Hand axe          |    79 |    32 ||   111
       Headbutt          |    11 |     3 ||    14
 Fire: Hunting sling     |     7 |    44 ||    51
Invok: Berserk           |       |     1 ||     1
       Trog's Hand       |       |     1 ||     1
Evoke: Wand              |       |     1 ||     1
  Use: Potion            |       |     1 ||     1
  Eat: Chunk             |     1 |     3 ||     4
Armor: Animal skin       |    13 |     7 ||    20
Dodge: Dodged            |    61 |    20 ||    81
